 Dungeon Crawl Stone Soup version 0.27-a0-760-gc38aae387d (webtiles) character file.

Game seed: 1802981046599325775

45576 wakim the Thaumaturge (level 14, -6/101 HPs)
             Began as a Djinni Conjurer on Mar 23, 2021.
             Was a High Priest of Makhleb.
             Killed from afar by a frost giant (25 damage)
             ... with a bolt of cold
             ... in an ice cave on Mar 24, 2021.
             The game lasted 01:16:05 (17630 turns).

wakim the Thaumaturge (Djinni Conjurer)            Turns: 17630, Time: 01:16:05

Health: -6/101     AC: 16    Str:  9    XL:     14   Next: 33%
Gold:   1148       EV: 14    Int: 24    God:    Makhleb [*****.] SH:  5 Dex: 13

rFire    + . .     SeeInvis .   a - +1 scimitar (flame)
rCold    . . .     Faith    .   k - +0 buckler
rNeg     . . .     Spirit   .   l - +0 swamp dragon scales
rPois    ∞         Reflect  .   (helmet currently unavailable)
rElec    .         Harm     .   c - scarf {repulsion}
rCorr    .         Rampage  .   z - +2 pair of gloves {Str+3}
Will     +....                  (boots unavailable)
Stlth    ++........             q - amulet of regeneration
HPRegen  1.26/turn              s - ring of ice
MPRegen  0.00/turn              w - +4 ring of protection

@: about to teleport, appendages, flying, repel missiles
A: horns 2, flying, fire resistance 2, cold vulnerability 1, float, innate
caster, hp casting, extra vitality 1
a: End Transformation, Renounce Religion, Minor Destruction, Lesser Servant of
Makhleb, Major Destruction, Greater Servant of Makhleb


You were in an ice cave.
You worshipped Makhleb.
Makhleb was extremely pleased with you.
You had temporarily grown beastly horns.
You visited 3 branches of the dungeon, and saw 17 of its levels.
You also visited: Ice Cave.

You collected 1420 gold pieces.
You spent 272 gold pieces at shops.

Inventory:

Hand Weapons
 a - a +1 scimitar of flaming (weapon)
 b - a +2 short sword of venom
Missiles
 h - 37 poisoned darts
 o - 8 boomerangs
Armour
 c - a scarf of repulsion (worn)
 g - a +1 helmet of see invisible (melded)
 k - a +0 buckler (worn)
 l - +0 swamp dragon scales (worn)
 r - a +1 cloak
 z - a +2 pair of gloves of strength (worn)
Magical Staves
 n - a staff of air
Jewellery
 e - a +4 ring of evasion
 f - the amulet of Dithmenos's Favour {Acrobat Will++ Dex-4 SInv}
   (You found it on level 10 of the Dungeon)

   [amulet of the acrobat]

   It helps you evade while moving and waiting.
   It affects your dexterity (-4).
   It affects your willpower, your defense against some magical effects.
   It lets you see invisible.
 q - an amulet of regeneration (around neck)
 s - a ring of ice (right hand)
 t - an amulet of reflection
 u - a +6 ring of strength
 w - a +4 ring of protection (left hand)
 A - the necklace of Bloodlust {*Rage +Rage Will++ Int-3 Slay+6}
   (You found it in an ice cave)

   [amulet of nothing]

   It affects your intelligence (-3).
   It affects your accuracy and damage with ranged weapons and melee attacks
   (+6).
   It affects your willpower, your defense against some magical effects.
   It lets you go berserk.
   It may make you go berserk in combat.
 C - a ring of protection from fire
Wands
 d - a wand of digging (2)
 i - a wand of iceblast (22)
 j - a wand of polymorph (11)
 p - a wand of paralysis (12)
 y - a wand of mindburst (10)
Scrolls
 v - a scroll of enchant weapon
 x - a scroll of brand weapon
 D - a scroll of blinking
 E - a scroll of fear
 F - 2 scrolls of fog
 O - 2 scrolls of silence
 Y - 3 scrolls of teleportation {@r3}
 Z - 3 scrolls of identify {@r1}
Potions
 B - 3 potions of brilliance
 G - 2 potions of ambrosia
 H - a potion of haste
 J - 7 potions of curing {@q1}
 M - 2 potions of might
 N - 2 potions of heal wounds {@q2}
 R - 2 potions of resistance
 T - 2 potions of berserk rage
Miscellaneous
 m - a phantom mirror


   Skills:
 + Level 9.3 Fighting
 + Level 7.5 Long Blades
 - Level 6.0 Armour
 + Level 10.3 Dodging
 - Level 4.0 Stealth
 - Level 4.0 Shields
 * Level 12.9 Spellcasting
 + Level 8.9 Invocations


You had 8 spell levels left.
You knew the following spells:

 Your Spells              Type           Power      Damage    Failure   Level
a - Magic Dart            Conj           100%       1d8       1%          1
b - Iskenderun's Mystic   Conj/Tloc      67%        2d14      1%          4
c - Beastly Appendage     Tmut           100%       N/A       1%          1
d - Inner Flame           Hex/Fire       67%        N/A       1%          3
e - Lee's Rapid Deconstr  Erth           33%        3d18*     1%          5
f - Fulminant Prism       Conj/Hex       33%        3d16      1%          4
g - Summon Mana Viper     Hex/Summ       67%        N/A       1%          5
p - Dazzling Flash        Conj/Hex       100%       N/A       1%          3
x - Searing Ray           Conj           100%       3d7       1%          2
B - Blink                 Tloc           N/A        N/A       1%          2
Your spell library was empty.

Dungeon Overview and Level Annotations

Branches:
Dungeon (11/15)            Temple (1/1) D:6            Lair (5/6) D:9
 Shoals (0/4) Lair:3       Spider (0/4) Lair:4        IceCv (1/1)
  Slime: Lair:5-6       Orc: D:9-12

Altars:
Ashenzari
Cheibriados
Dithmenos
Elyvilon
Fedhas
Gozag
Hepliaklqana
Kikubaaqudgha
Makhleb
Nemelex Xobeh
Okawaru
Qazlal
Ru
Sif Muna
Trog
Uskayaw
Vehumet
Wu Jian
Xom
Yredelemnul
Zin
The Shining One

Shops:
D:1 [   D:3 !   D:6 :

Annotations:
Lair:1 1 runed translucent door


Innate Abilities, Weirdness & Mutations

You have temporarily grown beastly horns.
You are flying.
You are immune to poison.
Your flesh is very heat resistant. (rF++)
You are vulnerable to cold. (rC-)
You float through the air rather than walking.
You learn spells naturally, not from books.
Your magical power is your life essence.
You have superior vitality. (+4 HP)


Message History

Casting: Searing Ray (safe; 1% risk of failure)
Confirm with . or Enter, or press ? or * to list all spells.
Aiming: Searing Ray (safe; 1% risk of failure)
Press: ? - help, Shift-Dir - straight line, f/p - frost giant
Aim: a frost giant, wielding a +1 battleaxe of freezing and wearing a ring of fire (flame, moderately wounded, inner flame, 2% to evade)
The searing ray hits the frost giant.
Flame seeps out of the frost giant.
The frost giant is heavily wounded. (Press . to maintain the ray.)
The frost giant is engulfed in blazing flames.
Flame seeps out of the frost giant.
The searing ray hits the frost giant.
Flame seeps out of the frost giant.
The frost giant is heavily wounded.
The frost giant is engulfed in blazing flames.
Flame seeps out of the frost giant.
The frost giant is engulfed in blazing flames.
Flame seeps out of the frost giant.
The frost giant hits you with a +1 battleaxe of freezing!
The frost giant freezes you.
* * * LOW HITPOINT WARNING * * *
The frost giant is engulfed in blazing flames.
Flame seeps out of the frost giant.
The frost giant casts a spell at you. The bolt of cold hits you!!!
* * * LOW HITPOINT WARNING * * *
A frost giant is nearby!
Casting: Searing Ray (safe; 1% risk of failure)
Confirm with . or Enter, or press ? or * to list all spells.
You erupt in a blast of force!
The frost giant is heavily wounded.
* * * LOW HITPOINT WARNING * * *
The frost giant hits you with a +1 battleaxe of freezing.
* * * LOW HITPOINT WARNING * * *
The frost giant freezes you.
* * * LOW HITPOINT WARNING * * *
As you read the scroll of teleportation {@r3}, it crumbles to dust.
You feel strangely unstable.
The frost giant's inner flame fades away.
The frost giant gestures at you while chanting.
The bolt of cold hits you!!
You die...

#..####C≈≈≈≈≈≈≈#..###...⌠...#
#....#≈≈≈≈≈≈##...##........
####.###≈≈≈##..#########...
#..##≈≈≈####.### #.##
..####≈≈≈≈###..# #... ..##
#C≈≈≈≈##...### ###. ..#
#≈○≈≈≈≈###...### ## ..#
#≈○≈≈≈≈#####...####. ...
#≈≈@≈≈≈≈≈#####...#.. ...
###≈≈≈≈≈≈≈######....
###≈≈≈≈≈≈≈≈######.
##≈≈≈≈≈≈≈≈≈≈≈## ##
##≈≈≈≈≈≈≈≈≈≈≈≈≈# #
#≈≈≈≈≈≈≈≈≈≈≈≈≈##
###############


You could see a frost giant.

Vanquished Creatures
  A fire dragon (D:10)
  A boulder beetle (D:10)
  3 hydras
  The ghost of Dosewi the Thaumaturge, a journeyman DECj of Vehumet (Lair:4)
  Erica (D:8)
  A centaur warrior (D:11)
  9 death yaks
  A two-headed ogre (D:8)
  An unseen horror (D:11)
  Pikel (D:4)
  2 oklob plants (Lair:3)
  A black mamba (Lair:1)
  5 elephants
  Maurice (D:8)
  A gargoyle (D:10)
  An ice statue (IceCv)
  2 centaur skeletons (D:10)
  10 cane toads
  A rime drake (IceCv)
  Maggie (D:8)
  Psyche (D:10)
  6 komodo dragons
  14 polar bears
  23 blink frogs
  A redback (Lair:4)
  Sigmund (D:4)
  3 wyverns
  3 basilisks
  41 yaks
  2 vampire mosquitoes (D:10)
  Grum (D:10)
  A steam dragon (Lair:4)
  3 swamp worms (D:9)
  14 water moccasins
  Duvessa (D:4)
  2 orc warriors
  10 ice beasts
  A black bear (D:9)
  A necrophage (D:10)
  18 wolves
  7 sky beasts
  8 ogres
  3 centaurs
  3 lemures
  Blork the orc (D:4)
  A phantom (D:10)
  A kobold brigand (D:6)
  17 bullfrogs
  A water moccasin zombie (D:6)
  A wyvern skeleton (D:8)
  3 scorpions
  Dowan (D:4)
  11 killer bees
  An electric eel (Lair:3)
  6 howler monkeys
  A quasit (D:10)
  2 bullfrog skeletons
  A bullfrog zombie (D:6)
  A jelly (D:6)
  4 orc priests
  A gnoll shaman (D:8)
  6 hounds
  6 hell rats (Lair:4)
  5 iguanas
  2 orc wizards
  7 worker ants
  Terence (D:2)
  A worker ant zombie (D:10)
  9 gnolls
  10 adders
  2 howler monkey skeletons (D:8)
  A shadow imp (D:7)
  3 white imps
  An ufetubus (D:10)
  An adder zombie (D:6)
  2 adder skeletons
  3 worms
  16 orcs
  6 endoplasms
  4 giant cockroaches
  6 goblins
  9 hobgoblins
  3 jackals (D:1)
  12 kobolds
  13 quokkas
  7 ball pythons
  4 bats
  4 frilled lizards
  A quokka skeleton (D:8)
  4 rats
416 creatures vanquished.

Vanquished Creatures (others)
  A polar bear (IceCv)
  A yak (IceCv)
  An ogre (D:6)
  2 wolves (IceCv)
  A centaur (D:6)
  A howler monkey (D:6)
  A hound (D:6)
  An iguana (D:6)
  A worker ant (D:6)
  A kobold (D:6)
  10 fulminant prisms
  26 fungi
  43 plants
  11 toadstools (Lair:1)
101 creatures vanquished.

Grand Total: 517 creatures vanquished

Notes
Turn   | Place    | Note
-------+----------+-------------------------------------------
     0 | D:1      | wakim the Djinni Conjurer began the quest for the Orb.
     0 | D:1      | Reached XP level 1. HP: 15/15 MP: 0/0
   241 | D:1      | Found Goudioma's Armour Shop.
   669 | D:2      | Reached XP level 2. HP: 21/22 MP: 0/0
   794 | D:2      | Reached skill level 1 in Fighting
   902 | D:2      | Reached skill level 4 in Spellcasting
   904 | D:2      | Reached XP level 3. HP: 25/27 MP: 0/0
   904 | D:2      | Learned a level 1 spell: Beastly Appendage
  1545 | D:1      | Reached XP level 4. HP: 20/32 MP: 0/0
  2159 | D:2      | Noticed Terence
  2164 | D:2      | Killed Terence
  2966 | D:3      | Reached XP level 5. HP: 34/38 MP: 0/0
  2966 | D:3      | Learned a level 2 spell: Blink
  3130 | D:3      | Found Guukhli's Distillery.
  3530 | D:4      | Found a white marble altar of Elyvilon.
  3675 | D:4      | Noticed Duvessa
  3675 | D:4      | Noticed Dowan
  3806 | D:4      | Noticed Sigmund
  3815 | D:4      | Noticed a lemure
  3815 | D:4      | Noticed a lemure
  3815 | D:4      | Noticed a lemure
  3854 | D:3      | Reached skill level 5 in Spellcasting
  3854 | D:3      | Reached XP level 6. HP: 30/45 MP: 0/0
  4217 | D:4      | Killed Sigmund
  4219 | D:4      | Noticed Pikel
  4352 | D:4      | Killed Pikel
  4353 | D:4      | Reached skill level 5 in Dodging
  4353 | D:4      | Reached skill level 6 in Spellcasting
  4353 | D:4      | Reached XP level 7. HP: 28/52 MP: 0/0
  4353 | D:4      | Reached XP level 8. HP: 31/58 MP: 0/0
  4537 | D:4      | Noticed Blork the orc
  4544 | D:4      | Killed Blork the orc
  4919 | D:5      | Entered Level 5 of the Dungeon
  4950 | D:5      | Found a shadowy altar of Dithmenos.
  5085 | D:4      | Killed Dowan
  5090 | D:4      | Killed Duvessa
  5531 | D:5      | Reached skill level 7 in Spellcasting
  5631 | D:5      | Found a white marble altar of Elyvilon.
  5631 | D:5      | Found a sacrificial altar of Ru.
  5638 | D:5      | Found a hide-covered altar of Uskayaw.
  5642 | D:5      | Found a glowing silver altar of Zin.
  5911 | D:1      | Bought a +1 helmet of see invisible for 214 gold pieces
  6099 | D:6      | Reached skill level 5 in Fighting
  6106 | D:6      | Found Durao's Book Boutique.
  6632 | D:6      | Reached XP level 9. HP: 61/65 MP: 0/0
  6632 | D:6      | Learned a level 3 spell: Inner Flame
  6943 | D:6      | Found a staircase to the Ecumenical Temple.
  7033 | Temple   | Entered the Ecumenical Temple
  7047 | Temple   | Became a worshipper of Makhleb the Destroyer
  7334 | D:6      | Reached skill level 8 in Spellcasting
  7456 | D:6      | Reached skill level 1 in Invocations
  7470 | D:6      | Found a shimmering altar of Xom.
  8107 | D:1      | Bought a +0 buckler for 58 gold pieces
  8447 | D:7      | Identified the +6 chain mail "Coenk" {-Cast rPois rC+
                  | Dex+4}
  8604 | D:8      | Noticed a two-headed ogre
  8610 | D:8      | Killed a two-headed ogre
  8611 | D:8      | Reached skill level 1 in Shields
  8723 | D:8      | Reached XP level 10. HP: 65/73 MP: 0/0
  9096 | D:8      | Reached * piety under Makhleb
  9340 | D:8      | Noticed Maggie
  9346 | D:8      | Killed Maggie
  9439 | D:8      | Reached skill level 9 in Spellcasting
  9504 | D:8      | Noticed Erica
  9525 | D:8      | Killed Erica
  9525 | D:8      | Noticed Maurice
  9619 | D:8      | Killed Maurice
  9924 | D:9      | Identified a scroll of acquirement
  9924 | D:9      | Acquired a scarf of repulsion
 10815 | D:9      | Found a staircase to the Lair.
 10815 | D:9      | Noticed an elephant
 10836 | D:9      | Reached skill level 10 in Spellcasting
 10837 | D:9      | Reached ** piety under Makhleb
 10838 | D:9      | Reached skill level 5 in Invocations
 11031 | D:9      | Killed an elephant
 11069 | D:10     | Entered Level 10 of the Dungeon
 11069 | D:10     | Noticed Grum
 11072 | D:10     | Killed Grum
 11073 | D:10     | Reached XP level 11. HP: 72/78 MP: 0/0
 11073 | D:10     | Learned a level 5 spell: Lee's Rapid Deconstruction
 11443 | D:10     | Identified the +2 buckler of the Lair of Beasts {-Cast Harm
                  | +Inv Regen+}
 11851 | D:11     | Noticed a centaur warrior
 11858 | D:11     | Killed a centaur warrior
 11905 | D:11     | Noticed an unseen horror
 11910 | D:11     | Killed an unseen horror
 11911 | D:11     | Reached skill level 1 in Long Blades
 11911 | D:11     | Reached skill level 1 in Armour
 12214 | D:10     | Noticed a boulder beetle
 12214 | D:10     | Noticed Psyche
 12225 | D:10     | Killed a boulder beetle
 12225 | D:10     | Noticed a fire dragon
 12226 | D:10     | Reached skill level 11 in Spellcasting
 12259 | D:10     | Killed Psyche
 12265 | D:10     | Killed a fire dragon
 12606 | D:10     | Reached *** piety under Makhleb
 12985 | D:10     | Identified the amulet of Dithmenos's Favour {Acrobat Will++
                  | Dex-4 SInv}
 13031 | D:10     | Upgraded the game from 0.27-a0-732-ga892ba84f6 to
                  | 0.27-a0-760-gc38aae387d
 13088 | Lair:1   | Entered Level 1 of the Lair of Beasts
 13125 | Lair:1   | Reached XP level 12. HP: 71/85 MP: 0/0
 13349 | Lair:1   | Noticed a five-headed hydra
 13356 | Lair:1   | Killed a five-headed hydra
 13668 | Lair:1   | Reached **** piety under Makhleb
 13690 | Lair:1   | Noticed a catoblepas
 13690 | Lair:1   | Noticed a dire elephant
 13717 | Lair:1   | Found a runed translucent door.
 14077 | Lair:2   | Noticed a four-headed hydra
 14091 | Lair:2   | Killed a four-headed hydra
 14125 | Lair:2   | Noticed a death yak
 14143 | Lair:2   | Noticed a death yak
 14143 | Lair:2   | Noticed a death yak
 14166 | Lair:2   | Killed a death yak
 14172 | Lair:2   | Killed a death yak
 14178 | Lair:2   | Killed a death yak
 14886 | Lair:3   | Reached skill level 5 in Long Blades
 14979 | Lair:3   | Reached XP level 13. HP: 83/92 MP: 0/0
 14979 | Lair:3   | Learned a level 5 spell: Summon Mana Viper
 15020 | Lair:3   | Reached skill level 12 in Spellcasting
 15297 | Lair:3   | Found a staircase to the Shoals.
 16095 | Lair:3   | Reached skill level 5 in Armour
 16324 | Lair:4   | Found a hole to the Spider Nest.
 16347 | Lair:4   | Found a runed translucent door.
 16388 | Lair:4   | Noticed Dosewi's ghost (journeyman DECj)
 16429 | Lair:4   | Reached ***** piety under Makhleb
 16755 | Lair:4   | Killed Dosewi's ghost
 16857 | Lair:5   | Reached XP level 14. HP: 63/101 MP: 0/0
 16867 | Lair:5   | Reached skill level 10 in Dodging
 16877 | Lair:5   | Found a frozen archway.
 16914 | IceCv    | Entered an ice cave
 17218 | IceCv    | Found the necklace of Bloodlust {*Rage +Rage Will++ Int-3
                  | Slay+6}
 17599 | IceCv    | Noticed a frost giant
 17630 | IceCv    | Killed from afar by a frost giant

Illustrated notes

Levels and vault maps discovered:
D:1:      sevenhm_arrival_forest_fort_small_4, layout_basic, serial_shops, shop
D:2:      minmay_chambers_of_twos, layout_basic, uniq_terence
D:3:      layout_rooms, serial_shops, nicolae_shop_behind_doors
D:4:      layout_rooms, elyvilon_altar_3, uniq_pikel, uniq_blork_the_orc,
          uniq_duvessa, uniq_sigmund
D:5:      layout_cave_pools, chequers_temple_overflow_minitemple,
          kennysheep_little_box
D:6:      layout_gridville, minmay_temple_entry_tees, serial_shops, shop,
          minmay_liquid_box, minmay_misc_feat_tower, xom_confusion_cloud
D:7:      layout_loops_ring, corexii_leaking_fountain,
          chequers_serial_rivers_marsh
D:8:      layout_basic, uniq_erica, uniq_maurice, uniq_maggie
D:9:      layout_basic, david_lair_generic, worms_lemuel
D:10:     minmay_the_grid_net [minmay_the_grid_medium_cups,
          minmay_the_grid_garden, minmay_the_grid_tiny_cups,
          minmay_the_grid_dragon_a, minmay_the_grid_minigrid_large,
          minmay_the_grid_prize_four_corners], layout_basic,
          kennysheep_generic_room_8, uniq_psyche, uniq_grum
D:11:     layout_basic, serial_curves, eino_curves_04, eino_curves_03,
          basic_altar, uniq_josephine, uniq_urug
Temple:   lightli_temple_of_artemis
Lair:1:   gammafunk_lair_enchanted_lake, layout_hall_layers,
          cheibrodos_lair_caveside_slide, infiniplex_staircase_pool_2
Lair:2:   layout_cave_pods, serial_bayou_shore_b
Lair:3:   layout_cave_pods, shoals_dummy_entry, minmay_lair_oklob_chamber,
          grunt_megastairs_1, lemuel_fruit_fields, serial_bayou_shore_a
Lair:4:   layout_misc_corridors, spider_nest_entry_webs,
          ebering_ghost_inner_flame
Lair:5:   layout_small_grid, nzn_ghost_randoct,
          portal_ice_cave_entry_ice_beasts, grunt_megastairs_3,
          infiniplex_staircase_pool
IceCv:    ice_cave_caverns_02

Skill      XL: |  1  2  3  4  5  6  7  8  9 10 11 12 13 14 |
---------------+-------------------------------------------+-----
Fighting       | 1 2 4 5 6 7 8 9 |  9.3
Spellcasting   | 4 5 6 7 8 10 11 12 | 12.9
Dodging        | 3 5 6 7 8 9 10 | 10.3
Invocations    | 2 5 6 7 8 |  8.9
Shields        | 2 4 |  4.0
Stealth        | 3 4 |  4.0
Long Blades    | 2 5 7 |  7.5
Armour         | 2 4 5 6 |  6.0

Action                   |  1- 3 |  4- 6 |  7- 9 | 10-12 | 13-15 || total
-------------------------+-------+-------+-------+-------+-------++-------
Melee: Short sword       |     9 |     5 |       |       |       ||    14
       Scimitar          |       |       |       |       |     2 ||     2
 Cast: Magic Dart        |    44 |    58 |    25 |    80 |    60 ||   267
       Searing Ray       |     6 |    26 |    45 |   104 |    75 ||   256
       Fulminant Prism   |       |     1 |     5 |     4 |       ||    10
       Iskenderun's Myst |       |       |     8 |    26 |    54 ||    88
       Beastly Appendage |       |       |     1 |     2 |     6 ||     9
       Inner Flame       |       |       |     9 |    77 |    91 ||   177
       Lee's Rapid Decon |       |       |       |       |     4 ||     4
Invok: Lesser Servant of |       |       |       |       |     1 ||     1
  Use: Scroll            |       |     7 |    10 |     9 |     3 ||    29
Armor: Robe              |     2 |     6 |    10 |       |       ||    18
       Swamp dragon scal |       |       |       |    18 |    36 ||    54
Dodge: Dodged            |     4 |    19 |    29 |    35 |    68 ||   155
       Repelled          |       |       |       |     5 |     2 ||     7
Block: Buckler           |       |       |     2 |    19 |    20 ||    41
       Reflection        |       |       |       |     3 |       ||     3
       Rpst.: Scimitar   |       |       |       |     4 |    15 ||    19

Table legend: (Time is in decaauts)
 A = Elapsed time spent in this place.
 B = Non-inter-level travel time spent in this place.
 C = Inter-level travel time spent in this place.
 D = Time resting spent in this place.
 E = Time spent auto-exploring this place.
 F = Levels seen in this place.
 G = Mean time per level.
                   A        B        C        D        E       F      G
               +--------+--------+--------+--------+--------+-----+--------+
         Total |  17659 |  16405 |   1254 |    332 |  13043 |  18 |  981.1 |
       Dungeon |  12989 |  11879 |   1110 |      6 |   9945 |  11 | 1180.8 |
        Temple |    129 |    119 |     10 |      0 |    110 |   1 |  129.0 |
          Lair |   3825 |   3692 |    133 |    181 |   2724 |   5 |  765.0 |
      Ice Cave |    714 |    714 |      0 |    145 |    264 |   1 |  714.0 |
               +--------+--------+--------+--------+--------+-----+--------+

Top non-repeatable levels by time:
     D:2: 1626 daAuts
    D:10: 1550 daAuts
     D:1: 1474 daAuts
     D:4: 1429 daAuts
     D:5: 1274 daAuts
     D:7: 1221 daAuts
  Lair:3: 1213 daAuts
     D:8: 1185 daAuts
     D:9: 1143 daAuts
     D:3: 1038 daAuts
  Lair:2: 1033 daAuts
     D:6: 784 daAuts
  Lair:1: 749 daAuts
  Lair:4: 726 daAuts
   IceCv: 714 daAuts
